 Dungeon Crawl Stone Soup version 0.32-a0-132-g2d33c3cfaf (webtiles) character file.

Game seed: 13224106194676957202

2342 sanka the Party-goer (level 9, 0/66 HPs)
             Began as a Demonspawn Brigand on Feb 10, 2024.
             Was a Believer of Uskayaw.
             Slain by an orc
             ... wielding a +0 trident
              (1 damage)
             ... in a bailey.
             The game lasted 00:13:28 (6280 turns).

sanka the Party-goer (Demonspawn Brigand)           Turns: 6280, Time: 00:13:29

Health: 0/66       AC:  8    Str: 11    XL:     9   Next: 20%
Magic:  17/17      EV: 14    Int: 14    God:    Uskayaw [**....]
Gold:   421        SH:  0    Dex: 22    Spells: 8/8 levels left

rFire   . . .        a - +2 dagger
rCold   + . .        (no shield)
rNeg    . . .        r - +3 leather armour "Kaxot" {rC+ Int+3 Dex+2}
rPois   .            (helmet restricted)
rElec   .            u - +1 cloak
rCorr   .            (no gloves)
SInv    .            (no boots)
Will    .....        (no amulet)
Stlth   +++          (no ring)
HPRegen 0.31/turn    (no ring)
MPRegen 0.15/turn

%: no passive effects
@: no status effects
A: horns 2, foul stench 1, powered by pain 2, weakness stinger 1, demonic touch
1
a: Renounce Religion, Stomp, Line Pass


You were in a bailey.
You worshipped Uskayaw.
Uskayaw was aware of your devotion.
You visited 2 branches of the dungeon, and saw 8 of its levels.
You also visited: Bailey.

You collected 421 gold pieces.


Innate Abilities, Weirdness & Mutations

You have a pair of horns on your head.
You may rarely emit foul miasma when damaged in melee.
You sometimes gain power by taking damage.
You have a small tail.
Your touch may inflict minor irresistible damage on your foes.


   Skills:
 + Level 4.5 Fighting
 * Level 5.4 Short Blades
 - Level 1.7 Throwing
 + Level 3.7 Dodging
 - Level 3.6 Stealth
 * Level 11.9 Invocations


You had 8 spell levels left.
You didn't know any spells.
Your spell library contained the following spells:

 Spells                   Type           Power      Damage    Failure   Level
 Sandblast                Erth           0%         2d4       36%         1
 Shock                    Conj/Air       0%         1d3       36%         1
 Sting                    Conj/Alch      0%         1d3       36%         1
 Jinxbite                 Hex            0%         N/A       50%         2
 Mercury Vapours          Alch/Air       0%         N/A       50%         2
 Momentum Strike          Conj/Tloc      0%         3d8       50%         2
 Searing Ray              Conj           0%         2d4       50%         2
 Hailstorm                Conj/Ice       0%         3d5       75%         3
 Mephitic Cloud           Conj/Alch/Air  0%         N/A       75%         3
 Passwall                 Erth           0%         N/A       75%         3
 Stone Arrow              Conj/Erth      0%         3d7       75%         3
 Summon Ice Beast         Ice/Summ       0%         N/A       75%         3
 Volatile Blastmotes      Fire/Tloc      0%         2d10      75%         3
 Brom's Barrelling Bould  Conj/Erth      0%         2d3       98%         4
 Fulminant Prism          Conj/Alch      0%         3d5       98%         4
 Iskenderun's Mystic Bla  Conj/Tloc      0%         2d3       98%         4
 Freezing Cloud           Conj/Ice/Air   0%         6-21      100%        5
 Yara's Violent Unravell  Hex/Alch       0%         3d3       100%        5
 Sculpt Simulacrum        Ice/Alch       0%         N/A       100%        6
 Enfeeble                 Hex            0%         N/A       100%        7
 Lehudib's Crystal Spear  Conj/Erth      0%         10d2      100%        8

Inventory:

Hand Weapons
 a - a +2 dagger (weapon)
 w - a +2 dire flail of protection
Missiles
 d - 15 poisoned darts
 e - 3 curare-tipped darts (quivered) {=f}
Armour
 r - the +3 leather armour "Kaxot" (worn) {rC+ Int+3 Dex+2}

   Int+3:     It affects your intelligence (+3).
   Dex+2:     It affects your dexterity (+2).
   rC+:       It protects you from cold.
 u - a +1 cloak (worn)
 A - +0 steam dragon scales
Wands
 x - a wand of flame (9)
 B - a wand of light (9)
 C - a wand of polymorph (5)
Scrolls
 c - 2 scrolls of noise {unknown}
 h - 2 scrolls of identify {unknown}
 k - a scroll of amnesia {unknown}
 o - 3 scrolls of enchant weapon {unknown}
 p - a scroll of teleportation {unknown}
 t - 3 scrolls of poison {unknown}
 v - 2 scrolls of fog {unknown}
 y - a scroll of torment {unknown}
 z - a scroll of enchant armour {unknown}
Potions
 f - 3 potions of heal wounds {unknown}
 g - 2 potions of lignification {unknown}
 i - a potion of curing {@q1}
 j - 2 potions of haste {unknown}
 l - 2 potions of brilliance {unknown}
 m - 2 potions of enlightenment {unknown}
 n - 2 potions of degeneration {unknown}
 q - 2 potions of berserk rage {unknown}
 s - a potion of magic {unknown}
 D - a potion of might {unknown}

Dungeon Overview and Level Annotations

Branches:
Dungeon (7/15)             Temple (1/1) D:4          Bailey (1/1)

Altars:
Ashenzari
Cheibriados
Dithmenos
Gozag
Kikubaaqudgha
Makhleb
Nemelex Xobeh
Okawaru
Qazlal
Ru
Sif Muna
Trog
Uskayaw
Wu Jian

Shops:
D:1

*
▒▒.≈.≈≈..≈≈≈≈≈..≈≈..⌠≈≈
▒.≈≈.≈.≈≈≈...≈≈≈.≈≈.$≈≈
▒.≈.≈≈.≈..⌠.⌠..≈≈.≈c.$≈
▒.≈....≈..∩∩∩.....≈...≈
▒.≈)≈≈.≈..⌠.⌠..≈≈.≈..$≈
▒.≈≈.≈.≈≈≈...≈≈≈.≈≈.$≈≈
▒▒)≈o≈≈..≈≈≈≈≈..≈≈..⌠≈≈
▒.≈≈)≈≈≈.....≈≈≈...≈≈▒
▒..≈≈6.≈≈≈≈≈≈≈....≈≈▒▒
▒.⌠o≈≈≈.......≈≈..≈▒▒
▒▒..oo≈≈≈≈≈≈≈≈≈...≈▒
▒▒▒▒▒.........
▒▒▒▒▒▒▒▒▒▒


You could see 4 orcs.


Message History

The orc completely misses you.
You can now pass through a line of other dancers.
Unknown command.
The orc hits you from afar with a +0 trident!
* * * LOW HITPOINT WARNING * * *
The orc closely misses you. The centaur barely misses you.
The centaur kicks you but does no damage.
The orc misses you. The orc barely misses you.
You hit the centaur but do no damage.
You headbutt the centaur, but do no damage.
The centaur is severely wounded.
The centaur barely misses you.
The centaur kicks you but does no damage.
The orc misses you.
The orc hits you from afar with a +0 trident.
* * * LOW HITPOINT WARNING * * *
Unknown command.
You hit the centaur but do no damage. Your headbutt misses the centaur.
You touch the centaur.
You kill the centaur!
The orc hits you from afar with a +0 spear.
* * * LOW HITPOINT WARNING * * *
The orc hits you from afar with a +0 halberd.
* * * LOW HITPOINT WARNING * * *
The orc hits you from afar with a +0 trident.
You die...
Your body falls in perfect tune with the rhythm.

Action                     |  1- 3 |  4- 6 |  7- 9 || total
---------------------------+-------+-------+-------++-------
  Melee: Dagger            |    97 |    90 |   258 ||   445
         Headbutt          |     8 |    22 |    49 ||    79
         Punch             |       |     4 |    15 ||    19
         Touch             |       |       |    41 ||    41
         Tailslap          |       |       |    15 ||    15
  Throw: Dart              |       |     6 |     2 ||     8
  Evoke: Wand              |       |       |    10 ||    10
    Use: Potion            |       |       |     3 ||     3
   Stab: Sleeping          |     8 |     5 |     4 ||    17
         Paralysed         |       |     1 |    10 ||    11
         Distracted        |       |       |     1 ||     1
         Invisible         |       |       |     1 ||     1
 Armour: Robe              |    33 |       |       ||    33
         Leather armour    |    18 |    38 |   204 ||   260
  Dodge: Dodged            |    51 |    27 |   184 ||   262

Levels and vault maps discovered:
D:1:      psy_arrival_wood_between_worlds, layout_basic, serial_shops,
          nicolae_shop_pleasant_corner_grove
D:2:      layout_basic, ebering_ecumenical_altar_abandoned
D:3:      layout_loops_cross
D:4:      layout_rooms, nicolae_overflow_hidden_temple, old_standard_altar,
          temple_pool_b, uniq_edmund, uniq_grinder
D:5:      layout_basic, elyvilon_altar_4, grunt_ministairs_15,
          kennysheep_generic_room_7
D:6:      minmay_goblin_kobold_castle, layout_basic, zin_academy,
          kennysheep_small_square
D:7:      layout_basic, enter_bailey_4, uniq_maurice
Temple:   cyrus_circular_temple
Bailey:   bailey_polearm_flooded_kennysheep, bailey

Notes
Turn   | Place    | Note
-------+----------+-------------------------------------------
     0 | D:1      | sanka the Demonspawn Brigand began the quest for the Orb.
     0 | D:1      | Reached XP level 1. HP: 16/16 MP: 1/1
    52 | D:1      | Found Bescheteo's Assorted Antiques.
    81 | D:1      | Reached skill level 2 in Short Blades
    81 | D:1      | Gained mutation: You may rarely emit foul miasma when
                  | damaged in melee. [demonic ancestry]
    81 | D:1      | Reached XP level 2. HP: 20/22 MP: 2/2
   529 | D:1      | Reached skill level 3 in Short Blades
   659 | D:2      | Found a faded altar of an unknown god.
   697 | D:2      | You feel monstrous as your demonic heritage exerts itself.
   697 | D:2      | Discovered your monstrous ancestry.
   697 | D:2      | Gained mutation: You have a pair of small horns on your
                  | head. [demonic ancestry]
   697 | D:2      | Reached XP level 3. HP: 25/27 MP: 3/3
  1042 | D:2      | Identified the +3 leather armour "Kaxot" {rC+ Int+3 Dex+2}
  1801 | D:3      | Gained mutation: You sometimes gain a little power by
                  | taking damage. [demonic ancestry]
  1801 | D:3      | Reached XP level 4. HP: 33/33 MP: 4/4
  1811 | D:3      | Reached skill level 4 in Short Blades
  2093 | D:4      | Noticed Grinder
  2127 | D:4      | HP: 2/33 [iguana (11)]
  2253 | D:4      | Found a staircase to the Ecumenical Temple.
  2277 | Temple   | Entered the Ecumenical Temple
  2290 | Temple   | Became a worshipper of Uskayaw the Reveller
  2331 | D:4      | Reached * piety under Uskayaw
  2344 | D:4      | Reached skill level 1 in Invocations
  2344 | D:4      | Reached XP level 5. HP: 38/38 MP: 4/6
  2403 | D:4      | Reached ** piety under Uskayaw
  2411 | D:4      | Noticed an ogre
  2415 | D:4      | Reached skill level 2 in Invocations
  2419 | D:4      | Reached *** piety under Uskayaw
  2420 | D:4      | Killed an ogre
  2420 | D:4      | Reached **** piety under Uskayaw
  2421 | D:4      | Reached skill level 5 in Short Blades
  2421 | D:4      | Reached skill level 3 in Invocations
  2458 | D:4      | Reached skill level 4 in Invocations
  2458 | D:4      | Gained mutation: You sometimes gain power by taking damage.
                  | [demonic ancestry]
  2458 | D:4      | Reached XP level 6. HP: 35/44 MP: 7/9
  2527 | D:4      | Found a bloodstained altar of Trog.
  2595 | D:4      | Noticed Edmund
  2608 | D:4      | Killed Edmund
  2609 | D:4      | Reached skill level 5 in Invocations
  2663 | D:4      | Found a snail-covered altar of Cheibriados.
  2727 | D:4      | Paralysed by Grinder for 5 turns
  2767 | D:4      | Paralysed by Grinder for 5 turns
  2773 | D:4      | Paralysed by Grinder for 3 turns
  2781 | D:4      | Killed Grinder
  2782 | D:4      | Reached skill level 7 in Invocations
  2782 | D:4      | Gained mutation: Your touch may inflict minor irresistible
                  | damage on your foes. [demonic ancestry]
  2782 | D:4      | Reached XP level 7. HP: 19/50 MP: 10/12
  3063 | D:5      | Entered Level 5 of the Dungeon
  3176 | D:5      | Reached skill level 8 in Invocations
  3386 | D:5      | Reached skill level 9 in Invocations
  3653 | D:5      | Reached skill level 1 in Dodging
  3729 | D:5      | Noticed a steam dragon
  3748 | D:5      | Killed a steam dragon
  3748 | D:5      | Identified +0 steam dragon scales
  3749 | D:5      | Gained mutation: You have a pair of horns on your head.
                  | [demonic ancestry]
  3749 | D:5      | Reached XP level 8. HP: 10/57 MP: 15/15
  4153 | D:5      | Reached skill level 2 in Dodging
  4153 | D:5      | Reached skill level 10 in Invocations
  4189 | D:6      | Reached skill level 3 in Fighting
  4531 | D:6      | Got the Secrets of the Salvo
  4754 | D:6      | Reached skill level 3 in Dodging
  4754 | D:6      | Reached skill level 11 in Invocations
  4768 | D:6      | Reached skill level 4 in Fighting
  4794 | D:6      | Got the Writings on Injury
  5139 | D:6      | Gained mutation: You have a small tail. [demonic ancestry]
  5139 | D:6      | Reached XP level 9. HP: 65/65 MP: 17/17
  6186 | D:7      | Found a flagged portal.
  6236 | Bailey   | Entered a bailey
  6276 | Bailey   | HP: 6/66 [orc/+0 halberd (10)]
  6280 | Bailey   | HP: 1/66 [orc/+0 halberd (3)]
  6280 | Bailey   | Slain by an orc

Vanquished Creatures
  Grinder (D:4)
  2 steam dragons
  Edmund (D:4)
  2 water moccasins
  An ogre (D:4)
  A black bear (D:5)
  2 centaurs
  3 phantoms
  A kobold brigand (D:6)
  A bullfrog (D:6)
  2 scorpions (D:6)
  4 electric eels (D:6)
  A howler monkey (D:6)
  A bombardier beetle (D:4)
  4 hounds (D:5)
  2 orc priests
  3 iguanas
  An orc wizard (D:6)
  15 gnolls
  5 adders
  A white imp (D:5)
  4 dart slugs (D:3)
  2 ribbon worms
  14 orcs
  6 endoplasms
  3 giant cockroaches
  24 goblins
  28 hobgoblins
  4 jackals (D:4)
  5 quokkas
  4 ball pythons
  6 bats
  2 frilled lizards
  2 kobolds
  6 rats
164 creatures vanquished.

Vanquished Creatures (others)
  An orc (Bailey)
  A goblin (D:6)
  A quokka (D:5)
3 creatures vanquished.

Grand Total: 167 creatures vanquished
